 Dungeon Crawl Stone Soup version 0.25-a0-855-g681bda5bb4 (webtiles) character file.

Game seed: 8686307392500938942, levelgen mode: deterministic

354 Maedhros the Insei (level 6, -14/38 HPs)
             Began as an Octopode Artificer on Apr 26, 2020.
             Demolished by a gnoll
             ... wielding the +9 mace of Excruciating Pain {elec, MP+9 Dex+2}
              (16 damage)
             ... on level 4 of the Dungeon.
             The game lasted 00:05:45 (1012 turns).

Maedhros the Insei (Octopode Artificer)             Turns: 1012, Time: 00:05:45

Health: -14/38     AC:  1    Str: 11    XL:     6   Next: 63%
Magic:  9/9        EV: 13    Int: 14    God:
Gold:   74         SH:  0    Dex: 14    Spells: 5/5 levels left

rFire    . . .     SeeInvis .     - Unarmed
rCold    . . .     Gourm    .   (no shield)
rNeg     . . .     Faith    .   (helmet restricted)
rPois    .         Spirit   .   (no amulet)
rElec    .         Reflect  .   (no ring)
rCorr    .         Harm     .   (no ring)
MR       .....                  (no ring)
Stlth    ++++......             (no ring)
HPRegen  0.12/turn              (no ring)
MPRegen  0.11/turn              (no ring)
                                (no ring)
                                (no ring)

@: lethally poisoned (-14 -> -16)
A: almost no armour, stealthy swim, amphibious, 8 rings, constrict 8, camouflage
1, gelatinous body 1
a: no special abilities


You were on level 4 of the Dungeon.
You were not hungry.

You visited 1 branch of the dungeon, and saw 4 of its levels.

You collected 74 gold pieces.

Inventory:

Hand Weapons
 g - a +0 trident
Missiles
 m - 14 poisoned darts (quivered)
Wands
 b - a wand of flame (7)
 c - a wand of enslavement (12)
 l - a wand of random effects (15)
Scrolls
 d - a scroll of amnesia
 e - a scroll of identify
 h - a scroll of teleportation {unknown}
 i - a scroll of fog {unknown}
 j - a scroll of enchant armour {unknown}
 k - a scroll of enchant weapon {unknown}
Potions
 a - a potion of cancellation
Comestibles
 f - 4 rations


   Skills:
 - Level 1.0 Fighting
   Level 1.0 Short Blades
 - Level 2.0 Dodging
 - Level 4.0 Stealth
 + Level 5.4 Unarmed Combat
 - Level 4.0 Evocations


You had 5 spell levels left.
You didn't know any spells.
Your spell library was empty.

Dungeon Overview and Level Annotations

Branches:
Dungeon (4/15)
 Temple: D:4-7

Altars:

Shops:
D:4 =


Innate Abilities, Weirdness & Mutations

You cannot wear most types of armour.
You are very stealthy in the water. (Stealth+)
You are amphibious.
You can wear up to eight rings at the same time.
You can use your tentacles to constrict eight enemies at once.
Your skin changes colour to match your surroundings (Stealth+).
Your rubbery body absorbs attacks. (AC +1, EV +1)


Message History

a +0 flail; a gnoll corpse Really attack your gnoll?
You barely miss your gnoll.
The gnoll is no longer charmed.
The gnoll shouts!
You grab the gnoll.
The gnoll is severely wounded.
You constrict the gnoll, but do no damage.
You hear an angry hiss.
The gnoll hits you with the +9 mace of Excruciating Pain {elec, MP+9 Dex+2}!
You tentacle-slap the gnoll but do no damage.
The gnoll is severely wounded.
You constrict the gnoll.
The gnoll hits you with the +9 mace of Excruciating Pain {elec, MP+9 Dex+2}!
* * * LOW HITPOINT WARNING * * *
Unknown command.
You tentacle-slap the gnoll.
The gnoll is severely wounded.
You constrict the gnoll. The gnoll completely misses you.
The gnoll hits you with the +9 mace of Excruciating Pain {elec, MP+9 Dex+2}!
You die...

#.#.......#...#....... ...
..#.......#####......##...
#.#..................)..#!
#.........................
.........#)...............
..........................
...............##......... .
......#........##.)## ...
..#...#<.......g@.#.###.....
###...##........#.#.g....g.#
#####....#................
#....#....#...........
#####.....##..........
#<....##....#..##.
###...##....#.## ##..##.....
. ...##...# .#


You could see a gnoll.

Vanquished Creatures
  Grinder (D:4)
  An ogre (D:4)
  3 adders
  A gnoll (D:4)
  A worm (D:3)
  A dart slug (D:1)
  2 orcs (D:4)
  A bat (D:1)
  A goblin (D:2)
  3 hobgoblins (D:1)
  3 kobolds
  2 frilled lizards
  2 rats
22 creatures vanquished.

Vanquished Creatures (collateral kills)
  2 gnolls (D:4)
2 creatures vanquished.

Vanquished Creatures (others)
  An adder (D:4)
1 creature vanquished.

Grand Total: 25 creatures vanquished

Notes
Turn   | Place    | Note
-------+----------+-------------------------------------------
     0 | D:1      | Maedhros the Octopode Artificer began the quest for the
                  | Orb.
     0 | D:1      | Reached XP level 1. HP: 13/13 MP: 3/3
   160 | D:2      | Reached XP level 2. HP: 3/18 MP: 4/4
   439 | D:4      | Reached XP level 3. HP: 20/23 MP: 4/6
   448 | D:4      | Noticed an ogre
   456 | D:4      | Killed an ogre
   456 | D:4      | Reached skill level 2 in Unarmed Combat
   456 | D:4      | Reached XP level 4. HP: 26/28 MP: 5/7
   456 | D:4      | Reached XP level 5. HP: 31/33 MP: 5/8
   528 | D:4      | Found Inlomix's Jewellery Shoppe.
   549 | D:4      | Noticed Grinder
   563 | D:4      | Paralysed by Grinder for 5 turns
   585 | D:4      | Killed Grinder
   585 | D:4      | Reached skill level 5 in Unarmed Combat
   585 | D:4      | Reached XP level 6. HP: 3/38 MP: 9/9
   993 | D:4      | Identified the +9 mace of Excruciating Pain {elec, MP+9
                  | Dex+2}
  1012 | D:4      | Demolished by a gnoll

Levels and vault maps discovered:
D:1:      roderic_octagonal_star, layout_basic, dk_noncrumbling_3
D:2:      layout_basic, nrook_mini_vaults, minivault_19, uniq_sigmund
D:3:      layout_loops_ring, roderic_batcave
D:4:      layout_cave_pools, minmay_temple_entry_junction, serial_column_ruins,
          column_ruins_hut, column_ruins_grid_1, column_ruins_open_small,
          column_ruins_grid_1, column_ruins_columns_corner, first_ration,
          serial_shops, nicolae_shop_waterfront, uniq_grinder

Skill      XL: |  1  2  3  4  5 |
---------------+----------------+-----
Stealth        | 2 3 4 |  4.0
Evocations     | 4 |  4.0
Unarmed Combat | 2 5 |  5.4
Fighting       | |  1.0
Short Blades   | |  1.0
Dodging        | |  2.0

Action                   |  1- 3 |  4- 6 || total
-------------------------+-------+-------++-------
Melee: Short sword       |    30 |     5 ||    35
       Tentacles         |     5 |     6 ||    11
       Constrict         |     4 |    10 ||    14
       Trident           |       |    29 ||    29
       Unarmed           |       |    22 ||    22
       Punch             |       |     2 ||     2
Evoke: Wand              |     4 |     7 ||    11
  Use: Scroll            |     2 |     2 ||     4
       Potion            |       |     1 ||     1
 Stab: Sleeping          |     2 |     4 ||     6
Armor: Skin              |     3 |       ||     3
Dodge: Dodged            |    12 |    12 ||    24

Table legend:
 A = Non-vault XP
 B = Vault XP
 C = Vault XP percentage of total XP
 D = Non-vault monster count
 E = Vault monster count
 F = Vault count percentage of total count
                 A         B        C        D         E       F
            +---------+---------+-------+---------+---------+-------
      Total |     230 |     277 |  54.6 |      24 |       1 |   4.0
            +---------+---------+-------+---------+---------+-------
        D:1 |      14 |       0 |   0.0 |       7 |       0 |   0.0
        D:2 |      20 |       0 |   0.0 |       5 |       0 |   0.0
        D:3 |       7 |       0 |   0.0 |       3 |       0 |   0.0
        D:4 |     189 |     277 |  59.4 |       9 |       1 |  10.0
            +---------+---------+-------+---------+---------+-------
